 Dungeon Sprint DCSS version 0.18.1-48-g4cf74bf (webtiles) character file.

12080 Ratgod the Imperceptible (level 11, -3/58 HPs)
             Began as a Spriggan Enchanter on June 25, 2016.
             Was the Champion of Dithmenos.
             Slain by an unseen horror (10 damage)
             ... in the Dungeon (Sprint I: "Red Sonja").
             The game lasted 00:18:11 (2900 turns).

Ratgod the Imperceptible (Spriggan Enchanter)       Turns: 2900, Time: 00:18:12

Health: -3/58      AC:  3    Str: 10    XL:     11   Next: 57%
Magic:  1/21       EV: 32    Int: 18    God:    Dithmenos [******]
Gold:   353        SH:  0    Dex: 19    Spells: 4 memorised, 8 levels left

rFire  . . .     SeeInvis +     a - +1 dagger
rCold  . . .     Gourm    .     b - +1 robe
rNeg   . . .     Faith    .     (shield restricted)
rPois  .         Spirit   .     (helmet restricted)
rElec  .         Dismiss  .     (no cloak)
rCorr  .         Reflect  .     (gloves unavailable)
SustAt .         Harm     .     (boots unavailable)
MR     +....     NoTele   +     (no amulet)
Stlth  +++++++++.               j - +6 ring of strength
                                n - ring of wizardry

@: very quick, somewhat resistant to hostile enchantments, incredibly stealthy
A: unfitting armour, see invisible, herbivore 3, speed 3, slow metabolism 2
a: Shadow Step, Shadow Form, Renounce Religion


You were in the Dungeon.
You worshipped Dithmenos.
Dithmenos was exalted by your worship.
You were full.

You visited 1 branch You collected 1990 gold pieces.
You spent 1637 gold pieces at shops.

Inventory:

Hand Weapons
 a - a +1 dagger (weapon)
Armour
 b - a +1 robe (worn)
Jewellery
 j - a +6 ring of strength (right hand)
 n - a ring of wizardry (left hand)
Wands
 f - a wand of polymorph (4/24)
 k - a wand of random effects (25/48)
Scrolls
 l - a scroll of fog {unknown}
 m - a scroll of fear {unknown}
 o - a scroll of immolation {unknown}
 q - 3 scrolls of identify
 r - a scroll of random uselessness {unknown}
 t - a scroll of amnesia {unknown}
 v - 3 scrolls of enchant armour
 w - a scroll of enchant weapon
 y - a scroll of recharging {unknown}
Potions
 e - 5 potions of curing
 g - a potion of haste
 h - 2 potions of magic
 i - a potion of flight {unknown}
 u - a potion of berserk rage
Books
 c - a book of Maledictions

   Spells                             Type                      Level
   a - Corona                         Hexes                        1
   b - Ensorcelled Hibernation        Hexes/Ice                    2
   c - Confuse                        Hexes                        3
   d - Tukima's Dance                 Hexes                        3
   e - Dazzling Spray                 Conjuration/Hexes            3
 x - an Akashic Record

   Spells                             Type                      Level
   a - Dispersal                      Translocation                6
   b - Malign Gateway                 Summoning/Translocation      7
   c - Disjunction                    Translocation                8
   d - Controlled Blink               Translocation                8
Comestibles
 s - 2 fruits


   Skills:
 - Level 6.5 Fighting
 - Level 14.0 Short Blades
 - Level 15.0 Dodging
 * Level 24.1 Stealth
 - Level 6.1 Spellcasting
 - Level 10.9 Hexes
 * Level 14.4 Translocations


You had 8 spell levels left.
You knew the following spells:

 Your Spells              Type           Power        Failure   Level  Hunger
a - Corona                Hex            #####..      1%          1    None
b - Ensorcelled Hibernat  Hex/Ice        ####..       1%          2    None
c - Confuse               Hex            #####...     1%          3    ##.....
d - Controlled Blink      Tloc           N/A          90%         8    #######


Dungeon Overview and Level Annotations

Branches:
Dungeon (1/1)

Altars:
Cheibriados
Dithmenos
Elyvilon
Fedhas
Gozag
Kikubaaqudgha
Makhleb
Nemelex Xobeh
Okawaru
Pakellas
Qazlal
Ru
Sif Muna
Trog
Vehumet
Xom
Yredelemnul
Zin
The Shining One
Jiyva

Shops:
D !*(*=%([(!=(:?*[?


Innate Abilities, Weirdness & Mutations

You are tiny and cannot use many weapons and most armour.
You have supernaturally acute eyesight.
You are a herbivore.
You cover ground extremely quickly.
You need consume almost no food.


Message History

You emit a cloud of dark smoke.
The unseen horror completely misses you.
An unseen horror is nearby!
You hit the unseen horror but do no damage.
The unseen horror is lightly wounded.
The unseen horror completely misses you.
The unseen horror hits you!
* * * LOW HITPOINT WARNING * * *
The unseen horror closely misses you.
The unseen horror completely misses you.
The unseen horror closely misses you. The unseen horror misses you.
The daeva shouts!
The unseen horror misses you.
The daeva calls down the wrath of the Shining One upon you.
The Shining One smites you!
* * * LOW HITPOINT WARNING * * *
You emit a cloud of dark smoke.
The unseen horror hits you!
You die...

#######################
'..)#..#..§§§§§§§..'†.#
#...##'#.####÷§§§.##..+
#)..'..#§# ##§§§######
#####..§§# ###§#|)$##
#§.##'#### #@##$$$#
§.§#.^...# #x§###$#
#..#.†.§.+ ##§#A#$#
##'###.§§# #§§###$#
##.'.#.§§# #§##..$#
.###§#†.## #§§#+###
)∩##§#§§# ##§x§#
####.##+# ###§# ..##.#
#§#


You could see a daeva and an unseen horror (invisible).

Vanquished Creatures
  A hydra (D)
  2 centaur warriors (D)
  Sonja (D)
  A deep troll (D)
  6 unseen horrors (D)
  A lindwurm (D)
  An oklob plant (D)
  A gargoyle (D)
  2 kobold demonologists (D)
  4 demonic crawlers (D)
  A slime creature (D)
  2 redbacks (D)
  Sigmund (D)
  A yak (D)
  10 hogs (D)
  3 giant eyeballs (D)
  A wasp (D)
  An ogre (D)
  7 necrophages (D)
  8 jellies (D)
  Ijyb (D)
  2 ballistomycetes (D)
  A giant spore (D)
59 creatures vanquished.

Vanquished Creatures (others)
  A gargoyle (D)
  3 hogs (D)
  A giant spore (D)
5 creatures vanquished.

Grand Total: 64 creatures vanquished

Notes
Turn   | Place    | Note
--------------------------------------------------------------
     0 | D        | Ratgod the Spriggan Enchanter began the quest for the Orb.
     0 | D        | Reached XP level 1. HP: 9/9 MP: 5/5
     1 | D        | Noticed Ijyb
     9 | D        | Killed Ijyb
     9 | D        | Reached skill level 8 in Stealth
     9 | D        | Reached XP level 2. HP: 11/13 MP: 6/6
    13 | D        | Noticed an ogre
    16 | D        | Killed an ogre
    16 | D        | Reached skill level 5 in Short Blades
    16 | D        | Reached skill level 12 in Stealth
    16 | D        | Reached XP level 3. HP: 14/16 MP: 8/8
    16 | D        | Reached XP level 4. HP: 19/21 MP: 9/9
    26 | D        | Noticed Sigmund
    29 | D        | Killed Sigmund
    29 | D        | Reached XP level 5. HP: 23/24 MP: 9/14
    44 | D        | Found a deep blue altar of Sif Muna.
    45 | D        | Found a snail-covered altar of Cheibriados.
    45 | D        | Found a viscous altar of Jiyva.
    45 | D        | Found a shadowy altar of Dithmenos.
    45 | D        | Found a blossoming altar of Fedhas.
    45 | D        | Noticed a slime creature
    49 | D        | Killed a slime creature
    49 | D        | Reached XP level 6. HP: 32/32 MP: 12/16
    51 | D        | Became a worshipper of Dithmenos the Shadowed
    56 | D        | Found a radiant altar of Vehumet.
    87 | D        | Found Zues's Assorted Antiques.
    87 | D        | Found a white marble altar of Elyvilon.
    87 | D        | Found a stormy altar of Qazlal.
    87 | D        | Found a burning altar of Makhleb.
    87 | D        | Found a sacrificial altar of Ru.
    87 | D        | Found an oddly glowing altar of Pakellas.
    87 | D        | Found a basalt altar of Yredelemnul.
    87 | D        | Found a glowing golden altar of the Shining One.
    87 | D        | Found a sparkling altar of Nemelex Xobeh.
    87 | D        | Found a shimmering altar of Xom.
    87 | D        | Found an opulent altar of Gozag.
    87 | D        | Found an ancient bone altar of Kikubaaqudgha.
    87 | D        | Found a glowing silver altar of Zin.
    87 | D        | Noticed a yak
    88 | D        | Found an iron altar of Okawaru.
    89 | D        | Killed a yak
    89 | D        | Reached XP level 7. HP: 38/38 MP: 17/17
    90 | D        | Found a bloodstained altar of Trog.
    94 | D        | Bought a scroll labeled ERASEUDIME for 22 gold pieces
    94 | D        | Bought an onyx ring for 110 gold pieces
    94 | D        | Bought a scroll labeled JAKKEBOEKI for 22 gold pieces
   101 | D        | Noticed Sonja
   131 | D        | Killed Sonja
   131 | D        | Reached * piety under Dithmenos
   131 | D        | Reached XP level 8. HP: 42/42 MP: 18/18
   189 | D        | Found Homiset's Distillery.
   213 | D        | Noticed a deep troll
   217 | D        | Killed a deep troll
   217 | D        | Reached skill level 5 in Fighting
   217 | D        | Reached skill level 13 in Stealth
   241 | D        | Found Zatteg's Armour Emporium.
   257 | D        | Noticed a centaur warrior
   258 | D        | Noticed a centaur warrior
   261 | D        | Killed a centaur warrior
   261 | D        | Reached skill level 14 in Stealth
   261 | D        | Reached skill level 10 in Hexes
   261 | D        | Reached XP level 9. HP: 49/49 MP: 19/19
   262 | D        | Killed a centaur warrior
   262 | D        | Reached ** piety under Dithmenos
   262 | D        | Reached skill level 15 in Stealth
   275 | D        | Reached skill level 15 in Dodging
   275 | D        | Reached skill level 16 in Stealth
   287 | D        | Noticed an oklob plant
   289 | D        | Killed an oklob plant
   289 | D        | Reached skill level 17 in Stealth
   318 | D        | Noticed an unseen horror
   319 | D        | Noticed an unseen horror
   467 | D        | Learned a level 2 spell: Ensorcelled Hibernation
   471 | D        | Learned a level 3 spell: Confuse
   477 | D        | Killed an unseen horror
   477 | D        | Reached *** piety under Dithmenos
   477 | D        | Reached skill level 18 in Stealth
   477 | D        | Reached XP level 10. HP: 53/53 MP: 17/20
   496 | D        | Killed an unseen horror
   496 | D        | Reached skill level 19 in Stealth
   505 | D        | Reached **** piety under Dithmenos
   534 | D        | Reached ***** piety under Dithmenos
   534 | D        | Reached skill level 20 in Stealth
   797 | D        | Found Teankuh's Magic Scroll Boutique.
   797 | D        | Found Jytuwn's General Store.
   799 | D        | Found Loaplus's Magic Scroll Emporium.
  1151 | D        | Found Lytoydwo's Book Boutique.
  1151 | D        | Found Biolotte's Antique Weapon Shoppe.
  1151 | D        | Found Goqu's Jewellery Shop.
  1151 | D        | Found Menonnat's Distillery.
  1151 | D        | Found Atohitu's Antique Weapon Boutique.
  1151 | D        | Found Ipooseag's Antique Armour Shoppe.
  1151 | D        | Found Utuschy's Antique Weapon Shop.
  1154 | D        | Bought a scroll of identify for 28 gold pieces
  1154 | D        | Bought a scroll of enchant armour for 105 gold pieces
  1155 | D        | Bought a scroll of enchant armour for 82 gold pieces
  1155 | D        | Bought a scroll of enchant armour for 82 gold pieces
  1155 | D        | Bought a scroll of enchant weapon for 82 gold pieces
  1156 | D        | Found Heumilukk's Food Emporium.
  1157 | D        | Bought an Akashic Record for 1104 gold pieces
  1166 | D        | Learned a level 8 spell: Controlled Blink
  1166 | D        | Found Malut's Jewellery Boutique.
  1166 | D        | Found Usiquitt's Assorted Antiques.
  1167 | D        | Found Jausmomu's Weapon Shop.
  1235 | D        | Reached skill level 1 in Translocations
  1244 | D        | Reached skill level 21 in Stealth
  1244 | D        | Reached skill level 5 in Translocations
  1735 | D        | Noticed a gargoyle
  1745 | D        | Killed a gargoyle
  1756 | D        | Noticed a lindwurm
  1761 | D        | Killed a lindwurm
  1761 | D        | Reached ****** piety under Dithmenos
  1761 | D        | Reached XP level 11. HP: 18/58 MP: 16/21
  2578 | D        | Reached skill level 22 in Stealth
  2581 | D        | Reached skill level 10 in Translocations
  2834 | D        | Noticed a 12-headed hydra
  2836 | D        | Killed a 12-headed hydra
  2836 | D        | Reached skill level 23 in Stealth
  2853 | D        | Noticed a daeva
  2857 | D        | Noticed an unseen horror
  2857 | D        | Noticed an unseen horror
  2857 | D        | Noticed an unseen horror
  2857 | D        | Noticed an unseen horror
  2859 | D        | Killed an unseen horror
  2860 | D        | Noticed an unseen horror
  2861 | D        | Killed an unseen horror
  2862 | D        | Killed an unseen horror
  2868 | D        | Killed an unseen horror
  2868 | D        | Reached skill level 24 in Stealth
  2900 | D        | Slain by an unseen horror

Skill      XL: |  1  2  3  4  5  6  7  8  9 10 11 |
---------------+----------------------------------+-----
Short Blades   | 3 5 11 12 14 | 14.0
Stealth        | 8 12 14 18 21 24 | 24.1
Spellcasting   | 6 |  6.1
Hexes          | 8 10 | 10.9
Fighting       | 3 4 6 |  6.5
Dodging        | 9 11 13 15 | 15.0
Translocations | 8 14 | 14.4

Action                   |  1- 3 |  4- 6 |  7- 9 | 10-12 || total
-------------------------+-------+-------+-------+-------++-------
Melee: Dagger            |     7 |     4 |    26 |   114 ||   151
       Unarmed           |       |       |     3 |       ||     3
 Cast: Ensorcelled Hiber |       |       |     1 |    28 ||    29
       Confuse           |       |       |       |    54 ||    54
  Use: Potion            |       |       |     3 |       ||     3
       Scroll            |       |       |     1 |       ||     1
 Stab: Sleeping          |     2 |     4 |     8 |    33 ||    47
       Confused          |       |       |       |     6 ||     6
       Distracted        |       |       |       |     3 ||     3
  Eat: Bread ration      |       |       |       |     1 ||     1
       Pizza             |       |       |       |     1 ||     1
Armor: Robe              |       |       |     2 |     4 ||     6
Dodge: Dodged            |     2 |       |    48 |   333 ||   383
